 Dungeon Crawl Stone Soup version 0.21-a0-518-g43a1781 (webtiles) character file.

36285 theanonym the Severer (level 13, -2/122 HPs)
             Began as a Hill Orc Fighter on Dec 4, 2017.
             Was the Champion of Zin.
             Slain by a 14-headed hydra (11 damage)
             ... on level 3 of the Lair of Beasts.
             The game lasted 00:32:52 (14493 turns).

theanonym the Severer (Hill Orc Fighter)           Turns: 14493, Time: 00:32:53

Health: -2/122     AC: 21    Str: 26    XL:     13   Next: 89%
Magic:  20/22      EV:  8    Int: 13    God:    Zin [******]
Gold:   1312       SH:  0    Dex: 18    Spells: 12/12 levels left

rFire    + + .     SeeInvis .   c - +7 battleaxe "Qanletsi" {speed, rF+ rC+}
rCold    + + .     Gourm    .   (shield currently unavailable)
rNeg     . . .     Faith    .   K - +1 plate armour {rPois} {18}
rPois    ∞         Spirit   .   G - +0 helmet
rElec    .         Reflect  .   C - +1 cloak {rC+} {rC+}
rCorr    .         Harm     .   A - +0 pair of gloves
MR       +....                  j - +0 pair of boots
Stlth    ..........             F - amulet of regeneration {Regen+}
HPRegen  0.70/turn              N - ring of protection from fire {rF+}
MPRegen  0.18/turn              E - ring of protection from magic {MR+}

@: vitalised
A: no striking features
a: Recite, Vitalisation, Imprison, Sanctuary, Donate Gold, Cure All Mutations,
Renounce Religion


   Skills:
 + Level 13.2 Fighting
 * Level 18.1 Axes
 + Level 9.2 Armour
 + Level 1.6 Dodging
   Level 9.1 Shields
 - Level 12.2 Invocations


You had 12 spell levels left.
You didn't know any spells.

Skill      XL: |  1  2  3  4  5  6  7  8  9 10 11 12 13 |
---------------+----------------------------------------+-----
Axes           | 3 4 5 6 8 9 10 11 13 15 16 18 | 18.1
Fighting       | 4 5 6 8 9 11 12 13 | 13.2
Invocations    | 1 4 5 7 9 10 12 | 12.2
Armour         | 5 7 9 |  9.2
Shields        | 5 7 9 |  9.1
Dodging        | 1 |  1.6

Action                   |  1- 3 |  4- 6 |  7- 9 | 10-12 | 13-15 || total
-------------------------+-------+-------+-------+-------+-------++-------
Melee: War axe           |    49 |   250 |   341 |   280 |       ||   920
       Broad axe         |       |       |       |   349 |   255 ||   604
       Battleaxe         |       |       |       |       |    25 ||    25
Invok: Recite            |       |     1 |     4 |    15 |     6 ||    26
       Vitalisation      |       |       |     1 |     9 |     3 ||    13
       Donate Gold       |       |       |       |     1 |       ||     1
Evoke: Wand              |       |       |     8 |     4 |     3 ||    15
  Use: Scroll            |       |     8 |     7 |    11 |    10 ||    36
       Potion            |       |       |       |     2 |     2 ||     4
 Stab: Paralysed         |       |       |    10 |     6 |     5 ||    21
       Invisible         |       |       |       |     3 |     4 ||     7
       Confused          |       |       |       |     3 |     3 ||     6
  Eat: Chunk             |     1 |     7 |     6 |    12 |     6 ||    32
       Royal jelly       |       |       |     2 |     4 |     2 ||     8
Armor: Chain mail        |    21 |   135 |   154 |     2 |       ||   312
       Scale mail        |     1 |       |       |       |       ||     1
       Plate armour      |       |       |       |   292 |   109 ||   401
Dodge: Dodged            |     9 |    40 |    53 |    51 |    37 ||   190
Block: Shield            |    22 |   116 |   147 |   166 |       ||   451
       Large shield      |       |       |       |   168 |   124 ||   292

Inventory:

Hand Weapons
 a - a +5 broad axe of distortion
   (You took it off Urug on level 10 of the Dungeon)
 c - the +7 battleaxe "Qanletsi" (weapon) {speed, rF+ rC+}
   (You found it in an ice cave)

   Attacks with this weapon are significantly faster.
   It protects you from fire.
   It protects you from cold.
 V - the +7 broad axe of Proximity {speed, *Corrode rPois rN+ Dex+3, unknown}
   (You acquired it on level 2 of the Lair of Beasts)

   Attacks with this weapon are significantly faster.
   It affects your dexterity (+3).
   It protects you from poison.
   It protects you from negative energy.
   It may corrode you when you take damage.
Armour
 j - a +0 pair of boots (worn)
   (You found it on level 1 of the Dungeon)
 A - a +0 pair of gloves (worn)
   (You found it on level 3 of the Dungeon)
 C - a +1 cloak of cold resistance (worn) {rC+}
   (You found it in an ice cave)
 G - a +0 helmet (worn)
   (You found it on level 8 of the Dungeon)
 K - a +1 plate armour of poison resistance (worn) {18}
   (You found it on level 8 of the Dungeon)
Jewellery
 E - a ring of protection from magic (right hand) {MR+}
   (You found it on level 11 of the Dungeon)
 F - an amulet of regeneration (around neck) {Regen+}
   (You found it on level 2 of the Dungeon)
 N - a ring of protection from fire (left hand) {rF+}
   (You found it on level 11 of the Dungeon)
Wands
 d - a wand of digging (13)
   (You took it off Dowan on level 4 of the Dungeon)
 i - a wand of enslavement (14)
   (You found it on level 6 of the Dungeon)
 v - a wand of acid (8)
   (You found it on level 1 of the Lair of Beasts)
 H - a wand of flame (15)
   (You took it off a gnoll on level 8 of the Dungeon)
 J - a wand of iceblast (4)
   (You found it on level 8 of the Dungeon)
 O - a wand of paralysis (8)
   (You found it on level 1 of the Lair of Beasts)
Scrolls
 b - 5 scrolls of blinking
 f - 2 scrolls of fog {!r}
 l - 8 scrolls of remove curse
 m - 3 scrolls of enchant armour
 t - 9 scrolls of teleportation {!r}
 y - 3 scrolls of magic mapping {!r}
 D - a scroll of summoning
 L - a scroll of immolation
 U - 3 scrolls of holy word
Potions
 p - 5 potions of flight
 q - 5 potions of heal wounds
 s - 2 potions of resistance {rF+ rC+}
 u - 2 potions of haste
 w - 4 potions of curing
 x - 4 potions of brilliance
 z - a potion of degeneration {unknown}
 B - a potion of magic {unknown}
 I - 2 potions of cancellation
 M - 4 potions of might
 Q - 3 potions of agility {unknown}
 S - a potion of ambrosia {unknown}
 T - a potion of invisibility {unknown}
Miscellaneous
 g - a fan of gales
   (You found it on level 9 of the Dungeon)
 P - a sack of spiders
Comestibles
 e - 12 royal jellies
 h - 10 bread rations
 k - 2 chunks of flesh
 n - 3 meat rations

Dungeon Overview and Level Annotations

Branches:
Dungeon (11/15)            Temple (0/1) D:7            Lair (3/6) D:9
 Spider (0/4) Lair:3          Orc (2/2) D:11            Elf (0/3) Orc:2
  Swamp: Lair:2-4    Shoals: Lair:2-4

Altars:
Ashenzari
Elyvilon
Kikubaaqudgha
Makhleb
Qazlal
Trog
Vehumet
Yredelemnul
Zin
Beogh

Shops:
D:5 [   D:8 :   D:9 %*   Orc:2 [[!}

Annotations:
Lair:3 3 exclusions
Orc:2 exp 1300
Abyss:1 Erolcha


You were on level 3 of the Lair of Beasts.
You worshipped Zin.
Zin was exalted by your worship.
You were not hungry.

You visited 3 branches of the dungeon, and saw 16 of its levels.
You also visited: Ice Cave.

You collected 1772 gold pieces.
You donated 460 gold pieces to Zin.


Message History

You see here a meat ration.
A six-headed hydra comes into view.
The six-headed hydra roars!
The water moccasin bites you.
Found a ring mail.
You take 2 damage, and have 120/122 hp.
You slash the water moccasin! You slash the water moccasin!
The water moccasin bites you but does no damage.
You slash the water moccasin!
You kill the water moccasin!
You chop one of the six-headed hydra's heads off!
The five-headed hydra grows two more!
You slash the seven-headed hydra!
You chop one of the seven-headed hydra's heads off!
The six-headed hydra grows two more!
You slice the eight-headed hydra!! The eight-headed hydra bites you! x2
The eight-headed hydra bites you but does no damage.
The eight-headed hydra closely misses you.
The eight-headed hydra bites you.
The eight-headed hydra barely misses you.
The eight-headed hydra bites you!
The eight-headed hydra bites you but does no damage.
You take 34 damage, and have 87/122 hp.
MASSIVE DAMAGE!!
You hack one of the eight-headed hydra's heads off!
The seven-headed hydra grows two more!
You slash the nine-headed hydra!
Your plate armour prevents you from hitting the nine-headed hydra.
The nine-headed hydra bites you.
The nine-headed hydra bites you but does no damage.
The nine-headed hydra barely misses you.
The nine-headed hydra bites you but does no damage.
The nine-headed hydra bites you.
The nine-headed hydra bites you but does no damage. x2
The nine-headed hydra bites you!
The nine-headed hydra bites you but does no damage.
You take 14 damage, and have 74/122 hp.
You hack one of the nine-headed hydra's heads off!
The eight-headed hydra grows two more!
You slice the ten-headed hydra!!
You chop one of the ten-headed hydra's heads off!
The nine-headed hydra grows two more!
You slash the 11-headed hydra!
The 11-headed hydra bites you. x2; The 11-headed hydra barely misses you.
The 11-headed hydra bites you. x2; The 11-headed hydra misses you.
The 11-headed hydra barely misses you. The 11-headed hydra bites you.
The 11-headed hydra bites you but does no damage. x3
You take 11 damage, and have 63/122 hp.
You hit the 11-headed hydra. Zin grants you divine stamina.
The 11-headed hydra bites you. The 11-headed hydra barely misses you.
The 11-headed hydra bites you!
* * * LOW HITPOINT WARNING * * *
The 11-headed hydra bites you but does no damage.
The 11-headed hydra misses you.
The 11-headed hydra bites you but does no damage.
The 11-headed hydra barely misses you. The 11-headed hydra bites you!
* * * LOW HITPOINT WARNING * * *
The 11-headed hydra bites you but does no damage. x2
The 11-headed hydra bites you.
* * * LOW HITPOINT WARNING * * *
You take 22 damage, and have 41/122 hp.
You now have 20/22 mp.
You are too injured to fight recklessly!
Your plate armour prevents you from hitting the 11-headed hydra.
The 11-headed hydra barely misses you.
The 11-headed hydra bites you but does no damage. x2
The 11-headed hydra bites you.
* * * LOW HITPOINT WARNING * * *
The 11-headed hydra bites you but does no damage.
The 11-headed hydra closely misses you.
The 11-headed hydra bites you but does no damage. x4
The 11-headed hydra bites you!
* * * LOW HITPOINT WARNING * * *
You take 10 damage, and have 31/122 hp.
You chop one of the 11-headed hydra's heads off!
The ten-headed hydra grows two more!
You hit the 12-headed hydra. The 12-headed hydra barely misses you.
The 12-headed hydra bites you.
* * * LOW HITPOINT WARNING * * *
The 12-headed hydra barely misses you.
The 12-headed hydra bites you but does no damage.
The 12-headed hydra barely misses you.
The 12-headed hydra completely misses you.
The 12-headed hydra bites you but does no damage. x2
The 12-headed hydra barely misses you. The 12-headed hydra closely misses you.
The 12-headed hydra bites you but does no damage. x2
You lop one of the 12-headed hydra's heads off!
The 11-headed hydra grows two more!
You hit the 13-headed hydra.
You take 3 damage, and have 28/122 hp.
You hack one of the 13-headed hydra's heads off!
The 12-headed hydra grows two more!
You slash the 14-headed hydra! The 14-headed hydra bites you.
* * * LOW HITPOINT WARNING * * *
The 14-headed hydra bites you but does no damage.
The 14-headed hydra barely misses you.
The 14-headed hydra bites you but does no damage.
The 14-headed hydra bites you!
* * * LOW HITPOINT WARNING * * *
The 14-headed hydra bites you but does no damage.
The 14-headed hydra closely misses you. The 14-headed hydra bites you.
* * * LOW HITPOINT WARNING * * *
The 14-headed hydra bites you but does no damage.
The 14-headed hydra closely misses you. x2
The 14-headed hydra bites you but does no damage.
The 14-headed hydra bites you!
You die...

##....# #P....##
..#..##[....#. ........
...........#.#. ........
............... ........
............... ........
.........#..# ........
........#.P ........
#D........ ........ ..##
#.@...# .......###..#
#.....#
........#...###.%...##..
............ #..........
.......###.# #........##
....)..##..####.......#
........#..##..>........
........................
........................


You could see a 14-headed hydra.

Notes
Turn   | Place    | Note
-------+----------+-------------------------------------------
     0 | D:1      | theanonym the Hill Orc Fighter began the quest for the Orb.
     0 | D:1      | Reached XP level 1. HP: 19/19 MP: 1/1
    45 | D:1      | Reached skill level 3 in Axes
   388 | D:1      | Reached XP level 2. HP: 26/26 MP: 2/2
   929 | D:1      | Reached skill level 4 in Axes
  1037 | D:2      | Reached XP level 3. HP: 29/31 MP: 3/3
  1160 | D:2      | Found a faded altar of an unknown god.
  1168 | D:2      | Noticed Jessica
  1173 | D:2      | Killed Jessica
  1173 | D:2      | Reached skill level 5 in Axes
  1173 | D:2      | Reached XP level 4. HP: 32/39 MP: 4/4
  1677 | D:2      | Reached skill level 6 in Axes
  1705 | D:2      | Found an ancient bone altar of Kikubaaqudgha.
  2044 | D:3      | Found a basalt altar of Yredelemnul.
  2060 | D:3      | Reached XP level 5. HP: 44/45 MP: 5/5
  2113 | D:3      | Reached skill level 7 in Axes
  2967 | D:4      | Reached skill level 8 in Axes
  2967 | D:4      | Reached XP level 6. HP: 28/51 MP: 6/6
  3155 | D:4      | Found a glowing silver altar of Zin.
  3155 | D:4      | Found a burning altar of Makhleb.
  3156 | D:4      | Noticed a balrug
  3156 | D:4      | Noticed an angel
  3174 | D:4      | Noticed Duvessa
  3175 | D:4      | Noticed Dowan
  3186 | D:4      | Became a worshipper of Zin the Law-Giver
  3186 | D:4      | Reached * piety under Zin
  3194 | D:4      | Killed Duvessa
  3194 | D:4      | Reached skill level 4 in Fighting
  3194 | D:4      | Reached skill level 1 in Invocations
  3205 | D:4      | HP: 20/52 [Dowan/shard of ice (14)]
  3212 | D:4      | Killed Dowan
  3212 | D:4      | Reached skill level 9 in Axes
  3212 | D:4      | Reached XP level 7. HP: 24/59 MP: 8/8
  3379 | D:4      | Found a runed door.
  3559 | D:4      | Reached skill level 2 in Invocations
  3693 | D:4      | Noticed Crazy Yiuf
  3702 | D:4      | HP: 29/59 [poisoned by Crazy Yiuf]
  3703 | D:4      | Killed Crazy Yiuf
  3708 | D:4      | HP: 29/60 [poisoned by Crazy Yiuf]
  3714 | D:4      | HP: 28/60 [poisoned by Crazy Yiuf]
  3719 | D:4      | HP: 29/60 [poisoned by Crazy Yiuf]
  3803 | D:5      | Entered Level 5 of the Dungeon
  3840 | D:5      | Found Haupraups's Armour Boutique.
  3856 | D:5      | Noticed Prince Ribbit
  3877 | D:5      | Killed Prince Ribbit
  3877 | D:5      | Reached skill level 3 in Invocations
  4014 | D:5      | Noticed Grinder
  4030 | D:5      | Killed Grinder
  4030 | D:5      | Reached skill level 5 in Fighting
  4030 | D:5      | Reached skill level 10 in Axes
  4030 | D:5      | Reached skill level 4 in Invocations
  4030 | D:5      | Reached XP level 8. HP: 67/68 MP: 11/11
  4291 | D:5      | Reached ** piety under Zin
  4566 | D:6      | Reached skill level 11 in Axes
  4620 | D:6      | Reached skill level 6 in Fighting
  4620 | D:6      | Reached skill level 5 in Invocations
  4706 | D:6      | Found a stormy altar of Qazlal.
  4902 | D:6      | Reached XP level 9. HP: 72/78 MP: 13/13
  5002 | D:6      | Reached skill level 12 in Axes
  5092 | D:6      | Found a white marble altar of Elyvilon.
  5095 | D:6      | Found a shattered altar of Ashenzari.
  5098 | D:6      | Found a radiant altar of Vehumet.
  5170 | D:7      | Reached skill level 6 in Invocations
  5221 | D:7      | Reached skill level 7 in Fighting
  6010 | D:7      | Found a staircase to the Ecumenical Temple.
  6100 | D:8      | Noticed Psyche
  6109 | D:8      | Killed Psyche
  6109 | D:8      | Reached skill level 13 in Axes
  6109 | D:8      | Reached skill level 7 in Invocations
  6126 | D:8      | Found a bloodstained altar of Trog.
  6139 | D:8      | Reached *** piety under Zin
  6168 | D:8      | Found Owkimmio's Book Shoppe.
  6194 | D:8      | Reached skill level 8 in Fighting
  6287 | D:8      | Reached XP level 10. HP: 88/88 MP: 15/15
  6469 | D:8      | Reached skill level 8 in Invocations
  6662 | D:8      | Reached skill level 14 in Axes
  6840 | D:8      | Reached **** piety under Zin
  7029 | D:9      | Found Toitac's Demolitions Depot.
  7074 | D:9      | Found Luef's Food Shoppe.
  7174 | D:9      | Reached skill level 9 in Fighting
  7325 | D:9      | Found a staircase to the Lair.
  7326 | D:9      | Noticed a two-headed ogre
  7332 | D:9      | Killed a two-headed ogre
  7332 | D:9      | Reached skill level 9 in Invocations
  7344 | D:9      | HP: 27/90 [komodo dragon (21)]
  7536 | D:9      | Reached skill level 15 in Axes
  7705 | D:10     | Entered Level 10 of the Dungeon
  7915 | D:10     | Noticed a two-headed ogre
  7923 | D:10     | Killed a two-headed ogre
  7923 | D:10     | Reached XP level 11. HP: 81/98 MP: 18/18
  7978 | D:10     | Reached ***** piety under Zin
  8272 | D:10     | Reached skill level 10 in Fighting
  8419 | D:10     | Noticed Urug
  8546 | D:10     | Reached skill level 10 in Invocations
  8567 | D:10     | Killed Urug
  8685 | D:11     | Found a frozen archway.
  8690 | IceCv    | Entered an ice cave
  8716 | IceCv    | Reached skill level 16 in Axes
  8720 | IceCv    | Reached skill level 4 in Armour
  8720 | IceCv    | Reached skill level 4 in Shields
  8816 | IceCv    | HP: 38/100 [ice statue/bolt of cold (21)]
  8817 | IceCv    | HP: 14/100 [ice statue/shard of ice (25)]
  8949 | IceCv    | Donated 284 gold pieces to Zin
  9029 | IceCv    | Reached skill level 5 in Shields
  9054 | IceCv    | Noticed a frost giant
  9057 | IceCv    | Reached skill level 5 in Armour
  9120 | IceCv    | Got a smoking battleaxe
  9232 | IceCv    | Reached skill level 11 in Fighting
  9246 | IceCv    | Reached XP level 12. HP: 109/109 MP: 19/19
  9376 | IceCv    | HP: 54/109 [frost giant/battleaxe of freezing (2)]
  9377 | IceCv    | Banished a frost giant
  9377 | IceCv    | Reached skill level 17 in Axes
  9751 | D:11     | Reached skill level 6 in Armour
  9751 | D:11     | Reached skill level 6 in Shields
 10093 | D:11     | Reached skill level 1 in Dodging
 10198 | D:11     | Noticed a soul eater
 10338 | D:11     | Found a staircase to the Orcish Mines.
 10371 | D:11     | Found a roughly hewn altar of Beogh.
 10566 | Orc:1    | Entered Level 1 of the Orcish Mines
 10577 | Orc:1    | Noticed a soul eater
 10802 | Orc:1    | Reached ****** piety under Zin
 10975 | Orc:2    | Entered Level 2 of the Orcish Mines
 11274 | Orc:2    | Found a staircase to the Elven Halls.
 11298 | Orc:2    | Reached skill level 7 in Shields
 11393 | Orc:2    | Reached skill level 7 in Armour
 11583 | Orc:2    | Noticed an ogre mage
 11587 | Orc:2    | Reached skill level 18 in Axes
 11593 | Orc:2    | HP: 46/111 [ogre mage/bolt of lightning (13)]
 11597 | Orc:2    | Killed an ogre mage
 11597 | Orc:2    | Reached skill level 12 in Fighting
 11599 | Orc:2    | Reached XP level 13. HP: 63/118 MP: 15/20
 11599 | Orc:2    | HP: 48/118 [orc sorcerer/bolt of negative energy (16)]
 11606 | Orc:2    | HP: 27/118 [orc wizard/puff of flame (4)]
 11759 | Orc:2    | Found Kaduuguf's Gadget Emporium.
 11771 | Orc:2    | Noticed Erolcha
 11773 | Orc:2    | Found a radiant altar of Vehumet.
 11778 | Orc:2    | Banished Erolcha
 11784 | Orc:2    | Reached skill level 11 in Invocations
 11784 | Orc:2    | HP: 51/118 [orc knight/halberd (13)]
 11799 | Orc:2    | Found Huutruji's Antique Armour Shoppe.
 11831 | Orc:2    | Found an ancient bone altar of Kikubaaqudgha.
 11933 | Orc:2    | Reached skill level 8 in Armour
 11933 | Orc:2    | Reached skill level 8 in Shields
 11956 | Orc:2    | Found Ahogomypn's Distillery.
 12001 | Orc:2    | Found a roughly hewn altar of Beogh.
 12033 | Orc:2    | Found Nilohios's Antique Armour Emporium.
 12294 | Lair:1   | Entered Level 1 of the Lair of Beasts
 13570 | Lair:2   | Identified a scroll of acquirement
 13571 | Lair:2   | Got a warped executioner's axe
 13583 | Lair:2   | Found a bloodstained altar of Trog.
 13653 | Lair:2   | Reached skill level 13 in Fighting
 13734 | Lair:2   | Reached skill level 12 in Invocations
 13746 | Lair:2   | Identified the +2 executioner's axe of Mirroten {protect, rF+ Int+3} (You acquired it on level 2 of the Lair of Beasts)
 13751 | Lair:2   | Reached skill level 9 in Shields
 13753 | Lair:2   | Identified the +7 battleaxe "Qanletsi" {speed, rF+ rC+} (You found it in an ice cave)
 13879 | Lair:2   | Noticed Roxy's ghost (journeyman DEFE)
 13891 | Lair:2   | Killed Roxy's ghost
 13891 | Lair:2   | Reached skill level 9 in Armour
 13988 | Lair:2   | Got a polished broad axe
 14269 | Lair:3   | Found a hole to the Spider Nest.
 14489 | Lair:3   | HP: 53/122 [11-headed hydra (9)]
 14493 | Lair:3   | HP: 24/122 [14-headed hydra (4)]
 14493 | Lair:3   | HP: 9/122 [14-headed hydra (6)]
 14493 | Lair:3   | Slain by a 14-headed hydra

Vanquished Creatures
  An ogre mage (Orc:2)
  The ghost of Roxy the Arsonist, a journeyman DEFE (Lair:2)
  A hydra (Lair:2)
  2 two-headed ogres
  Urug (D:10)
  2 unseen horrors (D:11)
  A wolf spider zombie (D:11)
  An orc knight (Orc:1)
  9 orc sorcerers
  2 ugly things (D:11)
  An ice statue (IceCv)
  A black mamba (Lair:1)
  3 spiny frogs
  Psyche (D:8)
  A centaur skeleton (D:10)
  A kobold demonologist (D:11)
  3 komodo dragons
  2 trolls
  Grinder (D:5)
  A hornet (D:10)
  14 polar bears (IceCv)
  Prince Ribbit (D:5)
  A slime creature (Lair:2)
  5 blink frogs (Lair:1)
  18 yaks
  A wyvern (D:11)
  A hungry ghost (D:8)
  4 wargs
  An acid dragon (D:11)
  Duvessa (D:4)
  5 water moccasins
  6 porcupines
  3 black bears
  13 orc warriors
  3 sky beasts
  4 ice beasts
  A necrophage (D:9)
  3 phantoms
  16 wolves
  16 ogres
  3 crocodiles
  3 centaurs
  12 bullfrogs
  A gnoll sergeant (D:9)
  Dowan (D:4)
  A scorpion (D:8)
  5 killer bees (D:8)
  2 howler monkeys (D:8)
  An electric eel (Lair:2)
  A centaur zombie (D:5)
  2 crimson imps
  11 jellies
  3 hounds
  Crazy Yiuf (D:4)
  7 orc priests
  Jessica (D:2)
  4 iguanas
  26 orc wizards
  9 worker ants
  4 yak simulacra (Lair:2)
  3 polar bear simulacra (Lair:2)
  A hound zombie (D:8)
  A howler monkey zombie (D:11)
  15 adders
  12 gnolls
  3 shadow imps
  15 oozes
  An adder zombie (D:6)
  An adder skeleton (D:9)
  A worm (D:2)
  4 dart slugs
  2 leopard geckos (D:2)
  66 orcs
  11 giant cockroaches
  5 goblins
  8 hobgoblins
  2 jackals (D:2)
  9 kobolds
  8 quokkas
  A ball python (D:2)
  8 bats
  6 frilled lizards
  A jackal skeleton (D:6)
  A leopard gecko zombie (D:8)
  A quokka skeleton (D:5)
  3 rats (D:3)
  2 river rat simulacra (Lair:2)
  2 fungi
  3 plants (D:9)
447 creatures vanquished.

Vanquished Creatures (collateral kills)
  An ogre (D:10)
  An orc (D:10)
2 creatures vanquished.

Vanquished Creatures (others)
  A frost giant (IceCv)
  A necromancer (Lair:2)
  An orc knight (Orc:2)
  A rime drake (Lair:2)
  A polar bear (IceCv)
  A shadow (D:11)
  6 yaks
  A water moccasin (Lair:2)
  A wolf (IceCv)
  A jelly (Lair:2)
  An orc priest (Orc:1)
  An orc wizard (D:11)
  2 yak simulacra (Lair:2)
  3 orcs
  6 fungi (Lair:2)
  A plant (D:9)
29 creatures vanquished.

Grand Total: 478 creatures vanquished

Table legend:
 A = Turns spent in this place as a percentage of turns spent in the entire game.
 B = Non-inter-level travel turns spent in this place as a percentage of non-inter-level travel turns spent in the entire game.
 C = Inter-level travel turns spent in this place as a percentage of turns spent in this place.
 D = Turns resting spent in this place as a percentage of non-inter-level travel turns spent in this place.
 E = Turns spent auto-exploring this place as a percentage of non-inter-level travel turns spent in this place.
 F = Non-inter-level travel turns spent in this place divided by the number of levels of this place that you've seen.
                   A       B       C       D       E      F
               +-------+-------+-------+-------+-------+----------------------
         Total | 100.0 | 100.0 |   4.3 |  10.2 |  66.2 | 815.9
       Dungeon |  66.7 |  66.7 |   4.4 |   9.1 |  69.1 | 841.1
          Lair |  15.2 |  15.5 |   2.1 |   6.9 |  71.1 | 717.3
  Orcish Mines |  11.4 |  10.8 |   9.3 |  11.6 |  57.0 | 749.5
      Ice Cave |   6.7 |   7.0 |   0.0 |  25.7 |  42.1 | 968.0
               +-------+-------+-------+-------+-------+----------------------
